AoeStats
← Happytheandy

Arena

509412816Analyzed
4v4 RM · 5d ago on Sep 26, 2026· 77m 7s· 8 players
Game mode
Random Map
Map size
Large (8 player)
Population
200
Speed
Normal
Resources
Standard
Victory
Conquest
Starting age
Dark Age
Ending age
Imperial Age
RankedLock teamsTeams togetherTeam positionsShared explorationLock speedFull tech treeHidden civsTurbo modeCheats
Victory
Defeat
🇬🇧 Danes · United Kingdom
1898
+13
🇬🇧 Varangians · United Kingdom
1834
+15
🇬🇧 Wei · United Kingdom
1809
+17
🇿🇦 Saxons · South Africa
1779
+18
🇹🇼 Danes · Taiwan
1892
-19
🇹🇼 Wei · Taiwan
1884
-18
🇹🇼 Saxons · Taiwan
1852
-17
🇺🇸 Danes · United States
1663
-9
GKT_Cloud
10:27 Feudal Age
11:10 Horse Collar
11:29 Double-Bit Axe
14:06 Castle Age
15:05 Bow Saw
17:03 Wheelbarrow
20:45 Loom
22:06 Hand Cart
23:45 Gold Mining
27:56 Imperial Age
25:05 Pikeman
25:44 Town Watch
26:00 Scale Mail Armor
26:27 Squires
27:22 Chain Mail Armor
27:13 Heavy Plow
27:46 Forging
26:59 Hamask
28:00 Gambesons
28:01 Halberdier
29:04 Conscription
28:19 Man-at-Arms
28:45 Gambesons
29:19 Long Swordsman
31:04 Iron Casting
30:01 Two-Handed Swordsman
31:04 Champion
32:39 Plate Mail Armor
33:33 Blast Furnace
33:47 Coinage
34:38 Capped Ram
36:07 Stone Mining
36:53 Gold Shaft Mining
38:29 Onager
41:47 Siege Engineers
41:53 Siege Onager
43:35 Northmen's Fury
47:00 Chemistry
49:06 Fletching
54:16 Banking
53:30 Halberdier
55:51 Caravan
60:08 Siege Ram
DYS.Chipmunk
10:54 Feudal Age
12:10 Double-Bit Axe
14:33 Castle Age
12:15 Horse Collar
15:55 Bow Saw
16:22 Heavy Plow
20:36 Wheelbarrow
21:20 Town Watch
23:50 Stone Mining
23:51 Gold Mining
24:00 Gold Mining
27:23 Imperial Age
24:38 Loom
25:21 Hand Cart
25:40 Scale Mail Armor
25:52 Forging
25:40 Pikeman
26:21 Squires
26:13 Arson
27:41 Chain Mail Armor
28:02 Iron Casting
27:30 Halberdier
28:30 Siege Engineers
28:59 Plate Mail Armor
28:38 Hamask
29:38 Conscription
31:30 Blast Furnace
31:34 Gambesons
32:05 Capped Ram
32:20 Man-at-Arms
33:35 Long Swordsman
35:17 Two-Handed Swordsman
35:53 Siege Ram
37:01 Champion
41:34 Fletching
42:23 Masonry
48:42 Bodkin Arrow
60:47 Northmen's Fury
67:10 Caravan
[LuB]a61
9:51 Feudal Age
10:42 Double-Bit Axe
13:58 Castle Age
12:32 Horse Collar
15:27 Bow Saw
21:39 Wheelbarrow
21:27 Heavy Plow
22:52 Hand Cart
23:03 Loom
23:05 Town Watch
27:18 Imperial Age
24:41 Clerical Recruitment
25:59 Atonement
26:12 Redemption
26:23 Sanctity
26:46 Masonry
27:23 Atonement
27:58 Sanctity
28:17 Block Printing
28:38 Theocracy
28:29 Illumination
28:05 Gold Mining
30:05 Gold Shaft Mining
30:24 Guard Tower
30:25 Fletching
30:57 Ballistics
33:17 Bodkin Arrow
33:29 Arrowslits
33:25 Treadmill Crane
35:07 Keep
35:33 Chemistry
33:56 Crossbowman
34:42 Thumb Ring
36:28 Bracer
36:36 Arbalester
DemonSheep
8:23 Feudal Age
7:47 Loom
8:53 Double-Bit Axe
8:48 Horse Collar
15:48 Wheelbarrow
18:15 Castle Age
16:32 Gold Mining
22:55 Imperial Age
21:14 Bow Saw
22:04 Heavy Plow
23:09 Gold Shaft Mining
22:59 Sanctity
24:07 Block Printing
24:23 Block Printing
26:39 Theocracy
27:37 Fervor
28:55 Theocracy
28:46 Illumination
31:23 Town Watch
34:20 Fletching
35:18 Hand Cart
35:31 Parthian Tactics
35:12 Thumb Ring
36:47 Chemistry
36:11 Ballistics
36:19 Bodkin Arrow
36:27 Padded Archer Armor
37:34 Bloodlines
37:25 Husbandry
37:48 Bracer
38:03 Leather Archer Armor
42:39 Scale Barding Armor
42:45 Forging
43:05 Ring Archer Armor
42:39 Light Cavalry
45:02 Chain Barding Armor
45:36 Crop Rotation
44:58 Stone Mining
45:04 Hussar
46:22 Conscription
47:51 Iron Casting
48:48 Tuntian
50:42 Blast Furnace
50:20 Hoardings
51:28 Heavy Hei Guang Cavalry
52:34 Ming Guang Armor
55:57 Caravan
72:33 Fortified Wall
72:04 Treadmill Crane
72:34 Masonry
76:24 Coinage
DanMT
6:13 Loom
8:21 Feudal Age
8:51 Double-Bit Axe
8:47 Horse Collar
11:09 Gold Mining
14:34 Town Watch
17:27 Castle Age
21:58 Imperial Age
20:17 Bow Saw
20:54 Stone Mining
21:56 Sanctity
22:19 Wheelbarrow
23:43 Block Printing
26:37 Fletching
28:04 Illumination
27:42 Devotion
29:09 Conscription
30:22 Bodkin Arrow
33:08 Bracer
34:52 Padded Archer Armor
35:21 Bloodlines
35:11 Husbandry
36:24 Ballistics
36:56 Leather Archer Armor
38:19 Chemistry
37:27 Treadmill Crane
37:58 Masonry
39:34 Ring Archer Armor
41:56 Parthian Tactics
42:02 Thumb Ring
42:58 Hand Cart
44:24 Ming Guang Armor
45:58 Heavy Plow
46:21 Murder Holes
46:43 Caravan
49:00 Scale Barding Armor
48:43 Elite Tiger Cavalry
51:05 Guard Tower
52:13 Chain Barding Armor
53:27 Forging
54:14 Faith
55:32 Coinage
55:29 Tuntian
56:34 Iron Casting
56:51 Hoardings
56:56 Banking
57:49 Capped Ram
59:27 Keep
58:18 Capped Ram
61:00 Blast Furnace
59:56 Siege Ram
63:00 Light Cavalry
73:36 Crop Rotation
Happytheandy
10:34 Feudal Age
14:12 Castle Age
12:27 Double-Bit Axe
12:24 Horse Collar
16:10 Bow Saw
19:03 Wheelbarrow
21:53 Loom
23:03 Hand Cart
22:59 Gold Mining
27:57 Imperial Age
26:05 Gold Shaft Mining
25:40 Scale Mail Armor
26:36 Chain Mail Armor
26:49 Heavy Plow
26:58 Gambesons
26:33 Man-at-Arms
26:46 Man-at-Arms
27:38 Forging
27:51 Squires
28:11 Devotion
27:35 Long Swordsman
29:10 Plate Mail Armor
28:31 Town Watch
28:18 Onager
28:29 Two-Handed Swordsman
30:37 Iron Casting
29:37 Capped Ram
30:00 Champion
31:11 Conscription
31:10 Siege Ram
33:22 Blast Furnace
33:41 Hamask
35:53 Siege Onager
37:53 Chemistry
36:27 Pikeman
38:39 Siege Engineers
39:26 Coinage
39:04 Arson
39:25 Fletching
39:46 Masonry
40:01 Bodkin Arrow
41:41 Bracer
42:13 Halberdier
46:01 Northmen's Fury
54:16 Caravan
62:56 Guard Tower
70:25 Banking
theMole
10:31 Feudal Age
14:01 Castle Age
12:27 Double-Bit Axe
12:23 Horse Collar
15:07 Bow Saw
17:18 Wheelbarrow
20:34 Heavy Plow
26:34 Imperial Age
23:55 Loom
25:13 Squires
25:15 Scale Mail Armor
25:34 Hand Cart
26:30 Devotion
26:56 Chain Mail Armor
26:52 Gothikon
28:01 Conscription
27:50 Elite Varangian Guard
30:49 Plate Mail Armor
30:30 Forging
32:58 Iron Casting
33:35 Masonry
42:30 Caravan
43:10 Architecture
43:22 Pikeman
46:46 Blast Furnace
45:52 Fletching
47:47 Fortified Wall
48:15 Halberdier
50:04 Halberdier
53:36 Vendel Legacy
54:53 Scale Barding Armor
55:58 Bloodlines
56:08 Husbandry
57:01 Chain Barding Armor
56:37 Cavalier
58:41 Plate Barding Armor
63:41 Town Watch
69:46 Capped Ram
71:01 Coinage
71:25 Siege Ram
73:08 Siege Engineers
YoungPanda
8:13 Loom
11:44 Feudal Age
15:47 Castle Age
14:33 Double-Bit Axe
16:43 Town Watch
19:35 Fletching
26:01 Masonry
26:48 Wheelbarrow
26:21 Bodkin Arrow
31:24 Bow Saw
32:19 Fortified Wall
36:49 Imperial Age
34:38 Thumb Ring
35:11 Gold Mining
37:56 Devotion
38:01 Bracer
37:49 Cranequins
39:40 Ballistics
39:50 Padded Archer Armor
49:25 Horse Collar
54:20 Heavy Plow
57:44 Caravan
58:30 Hand Cart
60:45 Coinage
63:27 Crossbowman
65:41 Husbandry
66:57 Bloodlines
67:30 Capped Ram
68:38 Leather Archer Armor
68:25 Siege Ram
70:11 Two-Man Saw
71:11 Banking
71:27 Ring Archer Armor
74:21 Heavy Mounted Crossbowman
77:09 Guilds
Connection lost

Rejoining the realm…

Still unreachable

The connection could not be restored.

Session expired

The server has moved on; the page needs a fresh start.